[Event "ICC tourney 2545 (5 3)"]
[Site "Internet Chess Club"]
[Date "2021.04.11"]
[Round "7"]
[White "Stroggs"]
[Black "krankenstein"]
[Result "1/2-1/2"]
[ICCResult "Game drawn by repetition"]
[WhiteElo "1408"]
[BlackElo "1237"]
[Opening "Queen's pawn, Mason variation"]
[ECO "D00"]
[NIC "QP.08"]
[Time "16:40:55"]
[TimeControl "300+3"]

1. d4 d5 2. Bf4 h6 3. e3 Nf6 4. Nf3 a6 5. c4 e6 6. Nc3 b6 7. cxd5 exd5 8.
Bd3 Bd6 9. O-O Bxf4 10. exf4 O-O 11. g3 Nc6 12. a3 Bg4 13. Be2 Bh3 14. Kh1
Bxf1 15. Bxf1 Ne4 16. Qc2 f5 17. Bg2 Ne7 18. Ne5 c6 19. f3 Nd6 20. Bf1 b5
21. b4 Nc4 22. Bd3 Ne3 23. Qe2 Nc4 24. Nd1 Re8 25. Nf2 Qc7 26. Bc2 Qd6 27.
Qd3 Nb2 28. Qb3 Nc4 29. Nfd3 Ne3 30. Ra2 Nc4 31. Bd1 Qf6 32. Be2 h5 33. Kg2
h4 34. Ra1 hxg3 35. hxg3 Ng6 36. Rh1 Ngxe5 37. fxe5 Qg6 38. f4 Ne3+ 39. Kf3
Ng4 40. Kg2 Ne3+ 41. Kf3 Ng4 42. Kg2 Ne3+ {Game drawn by repetition} 1/2-1/2

[Event "ICC tourney 2545 (5 3)"]
[Site "Internet Chess Club"]
[Date "2021.04.11"]
[Round "7"]
[White "Lewton"]
[Black "Keka34"]
[Result "1-0"]
[ICCResult "Black checkmated"]
[WhiteElo "2212"]
[BlackElo "1528"]
[Opening "King's Indian: Sämisch variation"]
[ECO "E80"]
[NIC "KI.54"]
[Time "16:42:35"]
[TimeControl "300+3"]

1. d4 Nf6 2. c4 g6 3. Nc3 Bg7 4. e4 d6 5. f3 Nbd7 6. Bg5 h6 7. Be3 O-O 8.
Qd2 Kh7 9. g4 c5 10. d5 Ne5 11. h3 g5 12. h4 Kg8 13. hxg5 hxg5 14. Bxg5 Nh7
15. Bh6 Ng6 16. Bxg7 Kxg7 17. Qh6+ Kf6 18. g5+ Nxg5 19. f4 Nh7 20. e5+ dxe5
21. fxe5+ Kxe5 22. Qh2+ Kf6 23. Ne4+ Kf5 24. Qh5+ Kxe4 25. Bg2+ Kd4 26. Ne2+
Kxc4 27. Nc3 Nf6 28. Qe2+ Kb4 29. Qb5# {Black checkmated} 1-0

[Event "ICC tourney 2545 (5 3)"]
[Site "Internet Chess Club"]
[Date "2021.04.11"]
[Round "7"]
[White "Iulia85"]
[Black "Z3N"]
[Result "1-0"]
[ICCResult "Black resigns"]
[WhiteElo "1665"]
[BlackElo "1514"]
[Opening "Ruy Lopez: Anderssen variation"]
[ECO "C77"]
[NIC "RL.12"]
[Time "16:40:34"]
[TimeControl "300+3"]

1. e4 e5 2. Nf3 Nc6 3. Bb5 a6 4. Ba4 Nf6 5. d3 Bc5 6. c3 d6 7. O-O O-O 8.
Be3 Bxe3 9. fxe3 Ng4 10. Qe2 f5 11. exf5 Bxf5 12. h3 Nh6 13. e4 Be6 14. Nbd2
Ne7 15. d4 Ng6 16. Rf2 Nf4 17. Qe3 Qf6 18. Raf1 b5 19. Bc2 g5 20. dxe5 dxe5
21. Qc5 g4 22. Nxe5 Qd8 23. hxg4 Nxg4 24. Nxg4 Bxg4 25. Rxf4 Rxf4 26. Rxf4
Qxd2 27. Bb3+ {Black resigns} 1-0

[Event "ICC tourney 2545 (5 3)"]
[Site "Internet Chess Club"]
[Date "2021.04.11"]
[Round "7"]
[White "habibo"]
[Black "sudhirkj"]
[Result "0-1"]
[ICCResult "White forfeits on time"]
[WhiteElo "1512"]
[BlackElo "1398"]
[Opening "Robatsch defense: Geller's system"]
[ECO "B06"]
[NIC "KF.05"]
[Time "16:40:41"]
[TimeControl "300+3"]

1. e4 g6 2. d4 Bg7 3. Nf3 d6 4. c3 Bg4 5. h3 Bxf3 6. Qxf3 c5 7. Bc4 cxd4 8.
Qxf7+ Kd7 9. Be6+ Kc7 10. cxd4 Bxd4 11. O-O Nc6 12. Na3 a6 13. Nc4 Nf6 14.
Bd2 Rf8 15. Qg7 Nxe4 16. Ba5+ b6 17. Bxb6+ Bxb6 18. Qxh7 Bxf2+ 19. Kh1 Ng3+
20. Kh2 Nxf1+ 21. Rxf1 Bg3+ 22. Kxg3 Rxf1 23. Qxg6 d5 24. Ne3 Qd6+ 25. Kh4
Rh8+ 26. Kg5 Qe5+ 27. Nf5 Nd4 {White forfeits on time} 0-1

[Event "ICC tourney 2545 (5 3)"]
[Site "Internet Chess Club"]
[Date "2021.04.11"]
[Round "7"]
[White "Goran21"]
[Black "Xuanli28"]
[Result "0-1"]
[ICCResult "White checkmated"]
[WhiteElo "1861"]
[BlackElo "1717"]
[Opening "Sicilian: dragon, Yugoslav attack"]
[ECO "B75"]
[NIC "SI.17"]
[Time "16:40:48"]
[TimeControl "300+3"]

1. e4 c5 2. Nf3 d6 3. d4 cxd4 4. Nxd4 Nf6 5. Nc3 g6 6. f3 Bg7 7. Be3 a6 8.
a4 Qc7 9. g4 Nc6 10. g5 Nd7 11. Nd5 Qa5+ 12. Bd2 Qd8 13. Be3 O-O 14. c3 e6
15. Nxc6 bxc6 16. Nb4 Qc7 17. Bg2 Bb7 18. O-O c5 19. Nd3 c4 20. Nf2 Rad8 21.
a5 f5 22. gxf6 Bxf6 23. Ng4 Bg7 24. Qd2 Nc5 25. Rad1 Qxa5 26. Bg5 Rd7 27.
Nh6+ Kh8 28. Kh1 Nd3 29. b3 cxb3 30. f4 Nc5 31. Qe2 Qxc3 32. h4 b2 33. Rf3
Qb4 34. Rff1 Nxe4 35. Kh2 Rc7 36. h5 Qb5 37. Qg4 Nxg5 38. fxg5 Rxf1 39. Rxf1
Qxf1 40. Bxf1 b1=Q 41. Qxe6 Be5+ 42. Kh3 Qxf1+ 43. Kh4 Qf2+ 44. Kg4 Qg3#
{White checkmated}
0-1

[Event "ICC tourney 2545 (5 3)"]
[Site "Internet Chess Club"]
[Date "2021.04.11"]
[Round "7"]
[White "ybabji"]
[Black "Kimster98"]
[Result "1-0"]
[ICCResult "Black resigns"]
[WhiteElo "1292"]
[BlackElo "1982"]
[Opening "Scandinavian (center counter) defense"]
[ECO "B01"]
[NIC "VO.17"]
[Time "16:40:55"]
[TimeControl "300+3"]

1. e4 d5 2. exd5 Qxd5 3. d4 e5 4. Nf3 Nc6 5. Nc3 Bb4 6. Bd2 Bxc3 7. Bxc3 e4
8. Ne5 Nxe5 9. dxe5 Ne7 10. Be2 Be6 11. Qxd5 Nxd5 12. Bd2 O-O-O 13. O-O-O
Rhe8 14. Rhe1 Bf5 15. c4 Nb6 16. b3 Nd7 17. Bg5 f6 18. exf6 Nxf6 19. Be3 Bg4
20. h3 Rxd1+ 21. Kxd1 Bxe2+ 22. Kxe2 b6 23. Bd4 Kd7 24. Ke3 Ke6 25. Bxf6
gxf6 26. Kf4 f5 27. f3 Kd6 28. fxe4 fxe4 29. Rxe4 Rf8+ 30. Ke3 Rf1 31. Rh4
Ra1 32. Rh6+ Ke5 33. Rxh7 Rxa2 34. Kf3 Rb2 35. Re7+ Kd4 36. Re4+ Kc5 37. Re3
a5 38. h4 a4 39. bxa4 Kxc4 40. h5 Rb1 41. Kg4 Kd4 42. Rh3 Re1 43. h6 Re8 44.
Kg5 c5 45. h7 Rh8 46. Kg6 c4 47. Kg7 Rxh7+ 48. Rxh7 c3 49. Kg6 c2 50. Rc7
{Black resigns}
1-0

[Event "ICC tourney 2545 (5 3)"]
[Site "Internet Chess Club"]
[Date "2021.04.11"]
[Round "7"]
[White "run123"]
[Black "Waynezus"]
[Result "1-0"]
[ICCResult "Black checkmated"]
[WhiteElo "1806"]
[BlackElo "1403"]
[Opening "Scandinavian (center counter) defense"]
[ECO "B01"]
[NIC "SD.02"]
[Time "16:41:35"]
[TimeControl "300+3"]

1. e4 d5 2. exd5 Qxd5 3. Nc3 Qd8 4. d4 Nf6 5. Nf3 Bg4 6. Be2 e6 7. O-O Bb4
8. Bg5 Nbd7 9. Ne5 Bxe2 10. Qxe2 Be7 11. Rfd1 c6 12. Rd3 O-O 13. Re1 Nd5 14.
Bxe7 Nxc3 15. bxc3 Qxe7 16. Rh3 Nxe5 17. Qxe5 Qa3 18. Rg3 g6 19. Rh3 Qxa2
20. Qe3 Kg7 21. Qh6+ Kf6 22. Qh4+ Kg7 23. Qxh7+ Kf6 24. Qh4+ Kg7 25. Rf3 f5
26. Qe7+ Rf7 27. Qxe6 Qxe6 28. Rxe6 a5 29. c4 a4 30. Ra3 b5 31. cxb5 cxb5
32. Rb6 Rc7 33. c3 Re7 34. g3 Re1+ 35. Kg2 Rb1 36. d5 Kf7 37. d6 Ke6 38. h4
Rb2 39. Kf3 Ra5 40. Ke3 Rb1 41. Kd4 Rd1+ 42. Kc5 Rd5+ 43. Kb4 Ra8 44. Rxb5
Rxd6 45. Rxa4 Rad8 46. Ra2 Rd2 47. Rb6+ Kf7 48. Rb7+ Kf6 49. Rxd2 Rxd2 50.
f4 Rd3 51. c4 Rxg3 52. c5 Rg4 53. c6 Rxf4+ 54. Kb5 Rxh4 55. c7 Rh8 56. Rb8
Rxb8+ 57. cxb8=Q Kg5 58. Qg3+ Kh5 59. Kc4 g5 60. Kd4 f4 61. Qh3+ Kg6 62. Ke4
Kf6 63. Qg4 Kg6 64. Ke5 Kh6 65. Kf6 f3 66. Qh3# {Black checkmated} 1-0

[Event "ICC tourney 2545 (5 3)"]
[Site "Internet Chess Club"]
[Date "2021.04.11"]
[Round "7"]
[White "KnightGhost"]
[Black "AbhinavSinha19"]
[Result "0-1"]
[ICCResult "White checkmated"]
[WhiteElo "1250"]
[BlackElo "1283"]
[Opening "Giuoco Piano: Jerome gambit"]
[ECO "C50"]
[NIC "IG.02"]
[Time "16:40:12"]
[TimeControl "300+3"]

1. e4 e5 2. Nf3 Nc6 3. Bc4 Bc5 4. Bxf7+ Kxf7 5. Nxe5+ Ke8 6. Qh5+ g6 7. Nxg6
Bxf2+ 8. Kxf2 Qf6+ 9. Ke2 hxg6 10. Qd5 Nd4+ 11. Kd3 Nc6 12. Nc3 Qd6 13. h3
Qxd5+ 14. Nxd5 Kd8 15. Rf1 Nge7 16. b3 Nxd5 17. exd5 Ne5+ 18. Kc3 d6 19. Bb2
Bf5 20. Rae1 c6 21. d3 cxd5 22. Kd2 Re8 23. g4 Bd7 24. Kc1 Rc8 25. Rf2 Nxd3+
26. Kd2 Nxf2 27. Bf6+ Kc7 28. Rf1 Ne4+ 29. Kd3 Nxf6 30. Rxf6 Re6 31. Rf7
Rce8 32. h4 R8e7 33. Rf8 Re3+ 34. Kd2 Rh3 35. h5 gxh5 36. gxh5 Rxh5 37. Rf2
Rh3 38. a4 Reh7 39. Kc1 Rh1+ 40. Kb2 R7h2 41. Rf7 a5 42. Kc3 Rg1 43. b4
axb4+ 44. Kxb4 Rg4+ 45. Kc3 Rh3+ 46. Kb2 Rxa4 47. c3 Rc4 48. Rg7 Rcxc3 49.
Rg5 Rcg3 50. Rxd5 Rh2+ 51. Kc1 Bg4 52. Rd2 Rxd2 53. Kxd2 b5 54. Kc2 b4 55.
Kb2 b3 56. Kb1 Bc8 57. Kb2 d5 58. Kb1 Rg2 59. Kc1 b2+ 60. Kb1 Bf5+ 61. Ka2
b1=Q+ 62. Ka3 Ra2# {White checkmated} 0-1

[Event "ICC tourney 2545 (5 3)"]
[Site "Internet Chess Club"]
[Date "2021.04.11"]
[Round "7"]
[White "Guillermito"]
[Black "doogie"]
[Result "1/2-1/2"]
[ICCResult "Game drawn by repetition"]
[WhiteElo "3208"]
[BlackElo "2251"]
[Opening "Caro-Kann defense"]
[ECO "B12"]
[NIC "CK.01"]
[Time "16:40:43"]
[TimeControl "300+3"]

1. e4 c6 2. d4 d6 3. Nc3 g6 4. f4 d5 5. e5 h5 6. Be3 Nh6 7. Nf3 Bg4 8. Be2
Nf5 9. Bf2 e6 10. Qd2 Qa5 11. O-O Bb4 12. Qd3 Nd7 13. Nd1 Be7 14. Ne3 Nxe3
15. Bxe3 c5 16. c4 dxc4 17. Qxc4 Nb6 18. Qb5+ Qxb5 19. Bxb5+ Kf8 20. dxc5
Nd5 21. Bd4 Nxf4 22. b4 Nd5 23. a3 Rd8 24. Rad1 a6 25. Ba4 Kg7 26. Bc2 Nf4
27. Kf2 Nd5 28. h3 Bf5 29. Bxf5 gxf5 30. Rd2 Rd7 31. Rc1 Rc7 32. Rdc2 Rhc8
33. Ke2 Kg6 34. g3 Kg7 35. Kf2 b6 36. c6 b5 37. Be3 Nxe3 38. Kxe3 f6 39. Kf4
Bf8 40. g4 hxg4 41. hxg4 fxg4 42. Kxg4 f5+ 43. Kf4 Kf7 44. Ng5+ Ke7 45. Rh1
Rxc6 46. Rh7+ Ke8 47. Rxc6 Rxc6 48. Rh8 Ke7 49. Rh7+ Ke8 50. Rh8 Ke7 51.
Rh7+ Ke8 {Game drawn by repetition} 1/2-1/2

[Event "ICC tourney 2545 (5 3)"]
[Site "Internet Chess Club"]
[Date "2021.04.11"]
[Round "7"]
[White "asur67ferat"]
[Black "siddarth1"]
[Result "0-1"]
[ICCResult "White resigns"]
[WhiteElo "1577"]
[BlackElo "1481"]
[Opening "Sicilian: Smith-Morra gambit"]
[ECO "B21"]
[NIC "SI.48"]
[Time "16:41:35"]
[TimeControl "300+3"]

1. e4 c5 2. d4 cxd4 3. c3 dxc3 4. Nf3 Nc6 5. Bc4 e6 6. O-O Nge7 7. Nxc3 g6
8. e5 Bg7 9. Re1 O-O 10. Bg5 Qc7 11. Nb5 Qb6 12. Be3 Qd8 13. Bc5 a6 14. Qa4
b6 15. Bd6 Bb7 16. Nc7 Rc8 17. Nxa6 Na5 18. Bf1 Bxf3 19. gxf3 Re8 20. Rac1
Rxc1 21. Rxc1 Nf5 22. Nc7 Rf8 23. Bxf8 Qg5+ 24. Kh1 Qxc1 25. Kg1 Bxf8 26.
Qxd7 Qg5+ 27. Kh1 Nh4 28. Ne8 Nxf3 29. Nf6+ Kh8 {White resigns} 0-1

[Event "ICC tourney 2545 (5 3)"]
[Site "Internet Chess Club"]
[Date "2021.04.11"]
[Round "7"]
[White "checkninja"]
[Black "vbtry3"]
[Result "1-0"]
[ICCResult "Black resigns"]
[WhiteElo "1745"]
[BlackElo "1863"]
[Opening "Petrov: Nimzovich attack"]
[ECO "C42"]
[NIC "RG.03"]
[Time "16:40:02"]
[TimeControl "300+3"]

1. e4 e5 2. Nf3 Nf6 3. Nxe5 d6 4. Nf3 Nxe4 5. Nc3 Nxc3 6. dxc3 Be7 7. Be3 d5
8. Qd2 c6 9. O-O-O Bg4 10. Be2 O-O 11. h3 Bxf3 12. Bxf3 b5 13. g4 Nd7 14. g5
Ne5 15. Be2 Nc4 16. Bxc4 bxc4 17. b3 Qa5 18. a4 Ba3+ 19. Kb1 Rab8 20. Ka2
Bd6 21. Qd4 Rb6 22. Rb1 Rfb8 23. Bc1 Ra6 24. Ba3 Bxa3 25. Kxa3 Qc7 26. bxc4
dxc4 27. Rxb8+ Qxb8 28. Qxc4 Rb6 29. Rd1 Qf8+ 30. Ka2 Qb8 31. Qd4 Rb2+ 32.
Ka3 h6 33. gxh6 f6 34. Qd8+ Kh7 35. hxg7 Rb7 36. g8=Q+ {Black resigns} 1-0

[Event "ICC tourney 2545 (5 3)"]
[Site "Internet Chess Club"]
[Date "2021.04.11"]
[Round "7"]
[White "PeterOsgood"]
[Black "ELCCEthan488"]
[Result "1-0"]
[ICCResult "Black resigns"]
[WhiteElo "1853"]
[BlackElo "1546"]
[Opening "English: Neo-Catalan declined"]
[ECO "A14"]
[NIC "RE.09"]
[Time "16:41:32"]
[TimeControl "300+3"]

1. c4 e6 2. g3 d5 3. Bg2 Nf6 4. Nf3 Be7 5. O-O O-O 6. b3 c5 7. Bb2 Nc6 8. e3
a5 9. Nc3 d4 10. exd4 cxd4 11. Nb5 e5 12. Re1 Bd6 13. Nxd6 Qxd6 14. d3 Bf5
15. Ng5 h6 16. Ne4 Nxe4 17. Bxe4 Bxe4 18. Rxe4 f5 19. Re2 Rae8 20. Qe1 Nb4
21. Ba3 Qf6 22. Bxb4 axb4 23. f4 e4 24. dxe4 d3 25. e5 Qb6+ 26. Qf2 Qxf2+
27. Rxf2 Rd8 28. Rd2 Rd4 29. Rad1 Ra8 30. Rxd3 Rxd3 31. Rxd3 Rxa2 32. Rd8+
Kh7 33. Kf1 Rxh2 34. e6 Rh1+ 35. Kf2 Rh2+ 36. Kf3 g5 37. e7 g4+ 38. Ke3
{Black resigns}
1-0

[Event "ICC tourney 2545 (5 3)"]
[Site "Internet Chess Club"]
[Date "2021.04.11"]
[Round "7"]
[White "Champi"]
[Black "Draconian"]
[Result "1-0"]
[ICCResult "Black resigns"]
[WhiteElo "2415"]
[BlackElo "1849"]
[Opening "Dutch defense"]
[ECO "A81"]
[NIC "HD.12"]
[Time "16:41:15"]
[TimeControl "300+3"]

1. d4 f5 2. g3 Nf6 3. Bg2 g6 4. Nc3 Bg7 5. h4 O-O 6. Nh3 d6 7. d5 a5 8. Nf4
Qe8 9. h5 Na6 10. hxg6 hxg6 11. Be3 Ng4 12. Bd4 Ne5 13. e4 c5 14. Bxe5 dxe5
15. Nh3 f4 16. Ng5 e6 17. Qg4 exd5 18. Qh4 Rf6 19. Nxd5 Rd6 20. O-O-O Qd8
21. gxf4 exf4 22. e5 Rd7 23. Qh7+ Kf8 24. Ne6+ Kf7 25. Nxd8+ Rxd8 26. Nxf4
{Black resigns}
1-0

[Event "ICC tourney 2545 (5 3)"]
[Site "Internet Chess Club"]
[Date "2021.04.11"]
[Round "7"]
[White "GYMEJR"]
[Black "JaimeVeloso"]
[Result "0-1"]
[ICCResult "White forfeits on time"]
[WhiteElo "1498"]
[BlackElo "1356"]
[Opening "Queen's pawn: London system"]
[ECO "A45"]
[NIC "QP.07"]
[Time "16:40:58"]
[TimeControl "300+3"]

1. d4 Nf6 2. Bf4 e6 3. e3 d5 4. Bg3 Bd6 5. f4 Ne4 6. Bd3 Nxg3 7. hxg3 h6 8.
Nf3 Nc6 9. c3 Bd7 10. Nbd2 Qe7 11. b4 a6 12. a4 Na7 13. Ne5 Bxe5 14. dxe5 c5
15. Qb1 Bc6 16. Nf3 O-O 17. g4 f5 18. g5 Kh7 19. Kf2 Rad8 20. gxh6 gxh6 21.
Ng5+ Kg6 22. Rxh6+ Kxh6 23. Qh1+ Kg6 24. g4 Rh8 25. gxf5+ exf5 26. Qg2 d4
27. Ne4+ Kf7 28. Ng5+ Ke8 29. Qg3 dxe3+ 30. Kxe3 Qd7 31. Rd1 Be4 32. Nxe4
fxe4 33. Bxe4 Qxd1 34. Qg6+ Kd7 {White forfeits on time} 0-1

[Event "ICC tourney 2545 (5 3)"]
[Site "Internet Chess Club"]
[Date "2021.04.11"]
[Round "7"]
[White "willzen89"]
[Black "mansoortJ22"]
[Result "0-1"]
[ICCResult "White checkmated"]
[WhiteElo "1838"]
[BlackElo "1788"]
[Opening "Queen's pawn game"]
[ECO "D02"]
[NIC "QP.08"]
[Time "16:40:29"]
[TimeControl "300+3"]

1. d4 d5 2. Nf3 Bf5 3. c4 e6 4. Nc3 Nf6 5. Qb3 Nc6 6. cxd5 exd5 7. Bg5 Be7
8. e3 Na5 9. Qa4+ c6 10. Be2 O-O 11. O-O Rc8 12. Rac1 b5 13. Qd1 Nc4 14. b3
Nd6 15. Bd3 Nfe4 16. Bf4 g5 17. Be5 f6 18. Bg3 Kg7 19. Qe2 h5 20. Nd2 Bg4
21. f3 Nxg3 22. hxg3 Bf5 23. e4 dxe4 24. fxe4 Bg6 25. Nf3 Qd7 26. e5 Bxd3
27. Qxd3 Nf5 28. Ne4 fxe5 29. Nexg5 Bxg5 30. Nxg5 Qxd4+ 31. Qxd4 Nxd4 32.
Rfe1 Rf5 33. Ne4 Rcf8 34. Rc5 Kg6 35. a4 b4 36. Rc4 a5 37. Rc5 Rd8 38. Rxa5
Nxb3 39. Ra6 Nd4 40. Rb6 Ra8 41. Ra1 Ra5 42. Kh2 Rf8 43. Nd2 Rf2 44. Nc4 Rc5
45. Ne3 Re2 46. Nd1 Nf3+ 47. Kh1 Re1# {White checkmated} 0-1

[Event "ICC tourney 2545 (5 3)"]
[Site "Internet Chess Club"]
[Date "2021.04.11"]
[Round "7"]
[White "ericbuen"]
[Black "kartheek24"]
[Result "0-1"]
[ICCResult "White resigns"]
[WhiteElo "1657"]
[BlackElo "1836"]
[Opening "French: Tarrasch, Guimard variation"]
[ECO "C04"]
[NIC "FR.15"]
[Time "16:40:47"]
[TimeControl "300+3"]

1. e4 e6 2. d4 d5 3. Nd2 Nc6 4. c3 e5 5. dxe5 dxe4 6. Bb5 Qd5 7. Qe2 f5 8.
f4 Bc5 9. Nh3 h6 10. Nb3 Be6 11. Nxc5 Qxc5 12. Be3 Qe7 13. O-O Qf7 14. b3
Ne7 15. Bc5 a6 16. Bxc6+ Nxc6 17. Rad1 Rd8 18. Rxd8+ Kxd8 19. Rd1+ Kc8 20.
c4 Rd8 21. Nf2 Rxd1+ 22. Nxd1 g5 23. g3 Qe8 24. Ne3 g4 25. Qd2 Qd7 26. Qxd7+
Kxd7 27. Kf2 b6 28. Bf8 h5 29. Ke2 Nd4+ 30. Kf2 Nf3 31. Kg2 c5 32. h3 Kc6
33. hxg4 hxg4 34. a4 Nd4 35. b4 Nb3 36. b5+ axb5 37. axb5+ Kd7 38. Kf2 Na5
39. Nd5 Nxc4 40. Nf6+ Kc7 41. Ke2 Na3 42. Bd6+ Kb7 43. Ke3 Nxb5 44. Kd2 Nxd6
45. exd6 Kc6 46. d7 Bxd7 47. Kc3 b5 48. Kb3 Be6+ 49. Kc3 b4+ 50. Kb2 c4 51.
Kc2 e3 52. Kd1 b3 {White resigns} 0-1

[Event "ICC tourney 2545 (5 3)"]
[Site "Internet Chess Club"]
[Date "2021.04.11"]
[Round "7"]
[White "JstackGA"]
[Black "zena"]
[Result "1-0"]
[ICCResult "Black resigns"]
[WhiteElo "1442"]
[BlackElo "1331"]
[Opening "Pirc defense"]
[ECO "B07"]
[NIC "PU.08"]
[Time "16:41:15"]
[TimeControl "300+3"]

1. e4 d6 2. d4 Nf6 3. Nc3 Nbd7 4. Bc4 e6 5. Bg5 h6 6. Bh4 g5 7. Bg3 Bg7 8.
Bb3 h5 9. h4 g4 10. f3 b6 11. Nge2 gxf3 12. gxf3 Bh6 13. Bf4 Bb7 14. Qd2 Bg7
15. Rg1 Kf8 16. Bg5 e5 17. O-O-O Qe8 18. Ng3 exd4 19. Nb5 Rc8 20. Nxd4 c5
21. Nb5 d5 22. Nd6 Qe5 23. Nxc8 Nxe4 24. Be7+ Kg8 25. Bf6 Bxf6 26. Nxe4+ Kf8
27. Nxf6 Qxf6 28. Bxd5 {Black resigns} 1-0

[Event "ICC tourney 2545 (5 3)"]
[Site "Internet Chess Club"]
[Date "2021.04.11"]
[Round "7"]
[White "KingSack"]
[Black "vaishnavdurgasi"]
[Result "1-0"]
[ICCResult "Black resigns"]
[WhiteElo "1513"]
[BlackElo "1339"]
[Opening "French defense"]
[ECO "C01"]
[NIC "FR.01"]
[Time "16:40:49"]
[TimeControl "300+3"]

1. e4 e6 2. d4 d5 3. c4 dxe4 4. Nc3 f5 5. f3 exf3 6. Nxf3 Nf6 7. Bg5 Be7 8.
Ne5 O-O 9. Be2 c5 10. dxc5 Bxc5 11. Qd2 Qxd2+ 12. Bxd2 Nbd7 13. Nd3 e5 14.
O-O-O e4 15. Nxc5 Nxc5 16. Be3 b6 17. Nb5 Bd7 18. Nc7 Rac8 19. Nd5 Be6 20.
Ne7+ Kf7 21. Nxc8 Rxc8 22. b3 h6 23. Kb1 g5 24. g3 Rc7 25. h4 Kg6 26. hxg5
hxg5 27. Rh2 Rd7 28. Rdh1 g4 29. Rh6+ Kf7 30. Bg5 Ng8 31. Rh7+ Ke8 32. Rxd7
Nxd7 33. Rh7 Bf7 34. Kb2 Nf8 35. Rh1 Ne6 36. Be3 Nf6 37. Rh8+ Ng8 38. Kc3
Ke7 39. b4 Kf6 40. Bd4+ Nxd4 41. Kxd4 Kg7 42. Rh1 Kf6 43. a4 Ke6 44. Rh7 Nf6
45. Rh8 Ng8 46. c5 Kd7 47. Bb5+ Ke7 48. Ke5 Be6 49. Rh7+ Bf7 50. Bc4 e3 51.
Rxf7+ {Black resigns} 1-0

[Event "ICC tourney 2545 (5 3)"]
[Site "Internet Chess Club"]
[Date "2021.04.11"]
[Round "7"]
[White "twarzap1"]
[Black "elpitagoras"]
[Result "0-1"]
[ICCResult "White checkmated"]
[WhiteElo "934"]
[BlackElo "1486"]
[Opening "Mieses opening"]
[ECO "A00"]
[NIC "VO.13"]
[Time "16:40:14"]
[TimeControl "300+3"]

1. d3 Nf6 2. Be3 d5 3. Bd4 Nc6 4. Bc5 b6 5. Be3 d4 6. Bf4 e5 7. Bg3 Bd6 8.
Na3 O-O 9. Nb5 a6 10. Nc3 Bb7 11. e4 Qd7 12. Be2 Ne7 13. b4 dxc3 14. Rb1 Qa4
15. h3 Bxb4 16. h4 h6 17. h5 Nc6 18. Rh4 Rae8 19. f4 exf4 20. Bxf4 Nd4 21.
Bf3 Nxf3+ 22. Nxf3 Qxa2 23. Rxb4 Nd5 24. Rc4 Nxf4 25. Rxf4 f5 26. Rxc7 fxe4
27. Rxf8+ Rxf8 28. dxe4 Bxe4 29. Ne5 Qe6 30. Nd3 Bxd3+ 31. Qe2 Qxe2#
{White checkmated}
0-1

[Event "ICC tourney 2545 (5 3)"]
[Site "Internet Chess Club"]
[Date "2021.04.11"]
[Round "7"]
[White "Steepblue"]
[Black "jab"]
[Result "1-0"]
[ICCResult "Black resigns"]
[WhiteElo "1390"]
[BlackElo "1361"]
[Opening "Queen's Pawn"]
[ECO "A41"]
[NIC "QO.17"]
[Time "16:40:32"]
[TimeControl "300+3"]

1. d4 d6 2. e3 f5 3. Bd3 Nf6 4. Nd2 e5 5. c3 e4 6. Be2 d5 7. c4 Be6 8. cxd5
Bxd5 9. Bc4 Be7 10. Bxd5 Qxd5 11. a3 O-O 12. Ne2 c5 13. Nf4 Qd6 14. Nc4 Qd8
15. Ne6 Qd5 16. Nxf8 Qxc4 17. Nxh7 Kxh7 18. Qe2 Qxe2+ 19. Kxe2 Nc6 20. dxc5
Bxc5 21. b4 Bd6 22. Bb2 Be5 23. Bxe5 Nxe5 24. Rac1 Nd5 25. Rhd1 Nd3 26. Rc2
Kg6 27. f3 Rf8 28. f4 Rh8 29. h3 Kh5 30. g3 Rg8 31. Rg1 g5 32. g4+ fxg4 33.
hxg4+ Kg6 34. f5+ Kf7 35. Rh1 Rg7 36. Rh8 Nf6 37. Rc7+ Nd7 38. Rxd7+ Kf6 39.
Rxg7 Kxg7 40. Rc8 Kf6 41. Rc7 a5 42. bxa5 Ne5 43. Rxb7 Nc6 44. Rb6 Ke5 45.
Rxc6 Kd5 46. Rb6 Kc5 47. f6 {Black resigns} 1-0

[Event "ICC tourney 2545 (5 3)"]
[Site "Internet Chess Club"]
[Date "2021.04.11"]
[Round "7"]
[White "Tudorache"]
[Black "ShapeShifter"]
[Result "1-0"]
[ICCResult "Black forfeits on time"]
[WhiteElo "1732"]
[BlackElo "1566"]
[Opening "Réti opening"]
[ECO "A04"]
[NIC "QP.10"]
[Time "16:40:37"]
[TimeControl "300+3"]

1. Nf3 c5 2. e3 d5 3. c4 d4 4. b4 Nc6 5. bxc5 e5 6. Bb2 Bxc5 7. Bd3 Nf6 8.
exd4 exd4 9. Qe2+ Qe7 10. Qxe7+ Kxe7 11. O-O Re8 12. Ba3 b6 13. Re1+ Kf8 14.
Rxe8+ Kxe8 15. Bxc5 bxc5 16. Na3 Nb4 17. Re1+ Kf8 18. Bb1 Bd7 19. Ne5 Ba4
20. Nb5 Bxb5 21. cxb5 Re8 22. Kf1 Re6 23. a4 a6 24. Bf5 Rb6 25. Bd7 axb5 26.
Bxb5 g6 27. Rc1 Re6 28. Rxc5 Nfd5 29. Rc8+ Kg7 30. Nd3 Nxd3 31. Bxd3 Nb6 32.
Rd8 Nxa4 33. Rxd4 Nc5 34. Bc4 {Black forfeits on time} 1-0

[Event "ICC tourney 2545 (5 3)"]
[Site "Internet Chess Club"]
[Date "2021.04.11"]
[Round "7"]
[White "iamkenoh"]
[Black "Comeback2016"]
[Result "0-1"]
[ICCResult "White checkmated"]
[WhiteElo "1490"]
[BlackElo "1720"]
[Opening "Sicilian: Hungarian variation"]
[ECO "B27"]
[NIC "SI.43"]
[Time "16:41:15"]
[TimeControl "300+3"]

1. e4 c5 2. Nf3 g6 3. Be2 Bg7 4. O-O Nc6 5. c3 d5 6. exd5 Qxd5 7. b3 Nf6 8.
Bc4 Qd6 9. d4 cxd4 10. cxd4 O-O 11. Nc3 Bg4 12. Nb5 Qd7 13. Bb2 a6 14. Na3
Bxf3 15. Qxf3 Nxd4 16. Qd3 Nc6 17. Qxd7 Nxd7 18. Bxg7 Kxg7 19. Rad1 Rfd8 20.
Nc2 Nde5 21. Be2 Rac8 22. f4 Nd7 23. f5 Nde5 24. fxg6 hxg6 25. Ne3 Nb4 26.
Nc4 Nxc4 27. Bxc4 e6 28. a3 Nc2 29. a4 Rxd1 30. Rxd1 Ne3 31. Rc1 Nxc4 32.
Rxc4 Rxc4 33. bxc4 Kf6 34. Kf2 Ke5 35. Ke3 f5 36. g3 b6 37. Kd3 f4 38. g4 g5
39. h3 a5 40. Kc3 f3 41. Kd3 Kf4 42. Kd2 e5 43. Ke1 e4 44. c5 bxc5 45. h4
gxh4 46. g5 Kxg5 47. Kf2 Kf4 48. Kg1 e3 49. Kf1 h3 50. Kg1 c4 51. Kf1 h2 52.
Ke1 h1=Q# {White checkmated} 0-1

[Event "ICC tourney 2545 (5 3)"]
[Site "Internet Chess Club"]
[Date "2021.04.11"]
[Round "7"]
[White "Giallorossi"]
[Black "Ldon22"]
[Result "1-0"]
[ICCResult "Black resigns"]
[WhiteElo "1372"]
[BlackElo "1351"]
[Opening "King's Indian: Averbakh system"]
[ECO "E73"]
[NIC "KI.26"]
[Time "16:41:04"]
[TimeControl "300+3"]

1. d4 Nf6 2. c4 g6 3. Nc3 Bg7 4. e4 O-O 5. Be2 d6 6. Bg5 h6 7. Be3 g5 8. g4
Nbd7 9. h4 b6 10. h5 c5 11. d5 Re8 12. f3 Bb7 13. Bd3 Ne5 14. Kf2 Nxd3+ 15.
Qxd3 e6 16. Nge2 exd5 17. cxd5 Qd7 18. Ng3 Rac8 19. b3 a6 20. a4 Rb8 21. Nf5
Bc8 22. Ra2 b5 23. axb5 axb5 24. Rha1 b4 25. Ra7 Rb7 26. Ra8 Rd8 27. Ne2 Qb5
28. Qxb5 Rxb5 29. Nxd6 Rxd6 30. Rxc8+ Kh7 31. Bxc5 Rd7 32. Nd4 Rbb7 33. Raa8
Rbc7 34. Bxb4 Rb7 35. Bf8 Rdc7 36. Rd8 Rd7 37. Bxg7 Rxd8 38. Rxd8 Kxg7 39.
Nf5+ Kh7 40. Rd6 Ng8 41. Rc6 Rxb3 42. Rc7 Nf6 43. Rxf7+ Kg8 44. Rxf6 Rb2+
45. Kg3 {Black resigns} 1-0